 Dungeon Crawl Stone Soup version 0.29-a0-509-g793eeb5391 (webtiles) character file.

Game seed: 15133721678888859679

247 Glafi the Skirmisher (level 5, 0/50 HPs)
             Began as a Minotaur Fighter on May 29, 2022.
             Succumbed to a kobold brigand's curare-tipped dart
             ... on level 4 of the Dungeon.
             The game lasted 00:38:20 (3126 turns).

Glafi the Skirmisher (Minotaur Fighter)             Turns: 3126, Time: 00:38:21

Health: 0/50       AC:  7    Str: 23    XL:     5   Next: 85%
Magic:  4/4        EV:  9    Int:  5    God:
Gold:   101        SH:  9    Dex:  9    Spells: 4/4 levels left

rFire   . . .      SeeInvis .   a - +0 war axe
rCold   . . .      Faith    .   c - +0 buckler
rNeg    . . .      Spirit   .   b - +0 scale mail
rPois   .          Reflect  +   (helmet restricted)
rElec   .          Harm     .   (no cloak)
rCorr   .          Rampage  .   (no gloves)
Will    .....                   (no boots)
Stlth   ..........              g - amulet of reflection
HPRegen 0.16/turn               (no ring)
MPRegen 0.09/turn               (no ring)

@: lethally poisoned (0 -> -12), slowed, very slow
A: horns 2, retaliatory headbutt
a: no special abilities


You were on level 4 of the Dungeon.
You visited 1 branch of the dungeon, and saw 4 of its levels.

You collected 155 gold pieces.
You spent 54 gold pieces at shops.

Inventory:

Hand Weapons
 a - a +0 war axe (weapon)
 h - a +1 short sword of venom
 i - a +0 mace
Armour
 b - a +0 scale mail (worn)
 c - a +0 buckler (worn)
Jewellery
 g - an amulet of reflection (around neck)
Scrolls
 e - a scroll of immolation
 f - 3 scrolls of identify
 k - a scroll of poison {unknown}
 l - a scroll of fog {unknown}
Potions
 d - 2 potions of might
 j - a potion of flight {unknown}
 m - a potion of attraction {unknown}
 n - a potion of curing {unknown}
 o - a potion of lignification {unknown}


   Skills:
 * Level 5.8 Fighting
 - Level 2.7 Axes
 + Level 5.2 Armour
 + Level 1.3 Dodging
 + Level 4.8 Shields


You had 4 spell levels left.
You didn't know any spells.
Your spell library was empty.

Dungeon Overview and Level Annotations

Branches:
Dungeon (4/15)
 Temple: D:4-7

Altars:
Okawaru

Shops:
D:1 (!?   D:3 *


Innate Abilities, Weirdness & Mutations

You have a pair of horns on your head.
You reflexively headbutt those who attack you in melee.


Message History

Done exploring.
There is a stone staircase leading down here.
You climb downwards.
You hear the hiss of flowing sand.
There is an entrance to an ossuary on this level.
Hurry and find it before the portal is buried!
The adder hisses angrily.
Found a stone staircase leading down.
There is a stone staircase leading up here.
The adder barely misses you. You furiously retaliate!
You headbutt the adder! You hit the adder.
You kill the adder!
Found a stone staircase leading down.
A kobold brigand comes into view.
It is wielding a +0 short sword and quivering curare-tipped darts.
The kobold brigand shouts!
A kobold brigand is nearby!
The kobold brigand throws a curare-tipped dart.
The curare-tipped dart hits you.
You are poisoned.
You have difficulty breathing.
You feel yourself slow down.
You feel very sick.
The kobold brigand throws a curare-tipped dart.
The curare-tipped dart hits you.
You are more poisoned.
You have difficulty breathing.
You feel as though you will be slow longer.
You feel extremely sick.
The kobold brigand throws a curare-tipped dart.
The curare-tipped dart barely misses you.
You feel very sick.
* * * LOW HITPOINT WARNING * * *
You feel very sick.
The kobold brigand throws a curare-tipped dart.
The curare-tipped dart hits you.
You are lethally poisoned!
You have difficulty breathing.
* * * LOW HITPOINT WARNING * * *
You feel as though you will be slow longer.
* * * LOW HITPOINT WARNING * * *
You feel very sick.
You die...

##........ .
#..#....... ..
#.......... #.
##........#
#..#.........#.
###....>........
#........K......
#..####.........
#.@.##...##...
#...#..>##
#......##
#.<.....#
##.##..##
#######


There were no monsters in sight!

Vanquished Creatures
  A scorpion (D:3)
  2 orc wizards (D:3)
  6 adders
  A worm (D:2)
  A dart slug (D:3)
  6 orcs (D:3)
  8 bats
  8 endoplasms
  3 giant cockroaches
  5 goblins
  6 hobgoblins
  6 jackals
  3 quokkas
  4 ball pythons
  2 frilled lizards
  6 kobolds
  7 rats
75 creatures vanquished.

Notes
Turn   | Place    | Note
-------+----------+-------------------------------------------
     0 | D:1      | Glafi the Minotaur Fighter began the quest for the Orb.
     0 | D:1      | Reached XP level 1. HP: 19/19 MP: 0/0
   117 | D:1      | Found Vauplaeck's Weapon Boutique.
   138 | D:1      | Found a faded altar of an unknown god.
   160 | D:1      | Reached XP level 2. HP: 22/27 MP: 1/1
   284 | D:1      | Found Pufuj's Distillery.
   468 | D:1      | Found Zuitot Enil's Magic Scroll Emporium.
   613 | D:1      | Bought a scroll of identify for 26 gold pieces
   946 | D:2      | Reached XP level 3. HP: 33/33 MP: 2/2
  1118 | D:2      | Found an iron altar of Okawaru.
  1635 | D:2      | Reached XP level 4. HP: 38/41 MP: 3/3
  2320 | D:3      | Found Rahinaw's Assorted Antiques.
  2330 | D:3      | Bought a ruby potion for 28 gold pieces
  2373 | D:3      | Reached skill level 5 in Fighting
  2464 | D:3      | Noticed a scorpion
  2472 | D:3      | Killed a scorpion
  2473 | D:3      | Reached skill level 5 in Armour
  2473 | D:3      | Reached skill level 1 in Dodging
  2473 | D:3      | Reached XP level 5. HP: 48/48 MP: 4/4
  3126 | D:4      | Succumbed to a kobold brigand's curare-tipped dart

Illustrated notes

Levels and vault maps discovered:
D:1:      lemuel_arrival_tunnels, layout_basic,
          hellmonk_ecumenical_altar_blasted, serial_shops, shop,
          nicolae_shop_bloodbath_and_beyond, shop_scrolls,
          minmay_parallelograms, amethyst_killhole, minmay_distorted
D:2:      layout_loops_corners, basic_altar
D:3:      layout_basic, serial_shops, shop, chequers_hall_statues_y,
          minivault_11
D:4:      layout_cave_pools, minmay_temple_entry_grid, enter_ossuary_4,
          roderic_serpentine_path, uniq_natasha

Skill      XL: |  1  2  3  4 |
---------------+-------------+-----
Fighting       | 4 5 |  5.8
Shields        | 4 |  4.8
Armour         | 4 5 |  5.2
Dodging        | 1 |  1.3
Axes           | |  2.7

Action                   |  1- 3 |  4- 6 || total
-------------------------+-------+-------++-------
Melee: War axe           |    98 |    83 ||   181
       Headbutt          |     7 |     6 ||    13
Armor: Scale mail        |    36 |    34 ||    70
Dodge: Dodged            |    48 |    37 ||    85
Block: Buckler           |    33 |    32 ||    65
       Reflection        |     1 |     1 ||     2

Table legend: (Time is in decaauts)
 A = Elapsed time spent in this place.
 B = Non-inter-level travel time spent in this place.
 C = Inter-level travel time spent in this place.
 D = Time resting spent in this place.
 E = Time spent auto-exploring this place.
 F = Levels seen in this place.
 G = Mean time per level.
                   A        B        C        D        E       F      G
               +--------+--------+--------+--------+--------+-----+--------+
         Total |   3202 |   3134 |     68 |    395 |   1948 |   4 |  800.5 |
       Dungeon |   3202 |   3134 |     68 |    395 |   1948 |   4 |  800.5 |
               +--------+--------+--------+--------+--------+-----+--------+

Top non-repeatable levels by time:
     D:2: 1142 daAuts
     D:3: 1101 daAuts
     D:1: 942 daAuts
     D:4: 15 daAuts
